 Dungeon Crawl Stone Soup version 0.23.0 (console) character file.

Game seed: 4736691722881177658

79160 Garrluk the Martial Artist (level 15, -9/128 HPs)
             Began as a Pale Draconian Transmuter on Feb 16, 2019.
             Was the Champion of Okawaru.
             Mangled by a slime creature (19 damage)
             ... on level 12 of the Dungeon.
             The game lasted 01:42:26 (22706 turns).

Garrluk the Martial Artist (DrTm)                  Turns: 22706, Time: 01:42:26

Health: -9/128     AC:  2    Str: 13    XL:     15   Next: 20%
Magic:  22/37      EV: 34    Int: 17    God:    Okawaru [******]
Gold:   648        SH:  0    Dex: 19    Spells: 12/32 levels left

rFire    . . .     SeeInvis .     - Unarmed
rCold    . . .     Gourm    .   (shield currently unavailable)
rNeg     . . .     Faith    .   (armour unavailable)
rPois    x         Spirit   .   (helmet currently unavailable)
rElec    .         Reflect  .   (cloak currently unavailable)
rCorr    .         Harm     .   (gloves currently unavailable)
MR       +....                  (boots currently unavailable)
Stlth    ++........             (no amulet)
HPRegen  0.31/turn              D - ring of magical power
MPRegen  0.25/turn              S - +6 ring of evasion

@: about to teleport, spider-form (expiring), very slightly contaminated,
drained
A: tiny, (breathe steam), unfitting armour, AC +9
a: End Transformation, Heroism, Finesse, Renounce Religion


You were on level 12 of the Dungeon.
You worshipped Okawaru.
Okawaru was exalted by your worship.
You were not hungry.
You were a venomous arachnid creature.
You visited 5 branches of the dungeon, and saw 22 of its levels.
You also visited: Ice Cave and Volcano.

You collected 2418 gold pieces.
You spent 1770 gold pieces at shops.

Inventory:

Missiles
 a - 323 arrows
 j - 7 curare-tipped needles
Armour
 q - a +0 buckler
 t - a +0 hat of see invisible (melded)
 z - a +0 shield of protection
 K - the +2 pair of gloves of the Present (melded) {rElec rF+ Stlth+}
   (You found it on level 8 of the Dungeon)

   It protects you from fire.
   It insulates you from electricity.
   It makes you more stealthy.
 R - a +2 cloak of magic resistance (melded)
Magical Staves
 L - an uncursed staff of energy
Jewellery
 e - an uncursed ring of teleportation
 A - an uncursed amulet of faith
 D - a ring of magical power (left front leg)
 G - an uncursed ring of ice
 O - an uncursed ring of ice
 S - a +6 ring of evasion (right front leg)
Wands
 f - a wand of clouds (1)
 l - a wand of flame (27)
 s - a wand of acid (10)
 F - a wand of digging (6)
 J - a wand of paralysis (15)
 N - a wand of random effects (22)
 T - a wand of disintegration (30)
Scrolls
 h - 10 scrolls of identify
 k - 4 scrolls of magic mapping
 p - 2 scrolls of fog
 r - 5 scrolls of teleportation
 w - 3 scrolls of amnesia
 y - 2 scrolls of blinking
 C - 10 scrolls of remove curse
 E - 4 scrolls of enchant weapon
Potions
 b - 3 potions of curing
 g - 6 potions of mutation
 i - 7 potions of might
 m - 3 potions of magic
 n - 3 potions of invisibility
 o - 2 potions of haste
 u - a potion of ambrosia
 v - a potion of heal wounds
 x - 4 potions of brilliance
 B - 3 potions of agility
 H - 4 potions of flight
 I - 2 potions of resistance
Miscellaneous
 P - a phial of floods
Comestibles
 c - 27 rations
 d - 5 chunks of flesh


   Skills:
 + Level 10.6(9.8) Fighting
 + Level 9.1(8.3) Dodging
 * Level 13.7(12.8) Unarmed Combat
 + Level 9.3(8.5) Spellcasting
 * Level 8.3(7.5) Charms
 * Level 13.5(12.6) Transmutations
 - Level 6.1(5.4) Invocations


You had 12 spell levels left.
You knew the following spells:

 Your Spells              Type           Power        Failure   Level  Hunger
a - Beastly Appendage     Tmut           ######       1%          1    None
b - Sticks to Snakes      Tmut           ######..     1%          2    None
c - Spider Form           Tmut/Pois      ####......   9%          3    #......
d - Blade Hands           Tmut           ######....   7%          5    #####..
e - Regeneration          Chrm/Necr      ###.......   17%         3    #......
A - Hydra Form            Tmut           ######....   22%         6    ######.

Your spell library contained the following spells:

 Spells                   Type           Power        Failure   Level  Hunger
 Passwall                 Tmut/Erth      ####....     5%          2    None
 Swiftness                Chrm/Air       ###.....     11%         2    None
 Spectral Weapon          Hex/Chrm       ###.....     17%         3    #......
 Ice Form                 Ice/Tmut       ####....     21%         4    ###....
 Petrify                  Tmut/Erth      ####....     21%         4    ###....
 Corona                   Hex            #......      24%         1    None
 Sandblast                Erth           #.....       24%         1    None
 Shock                    Conj/Air       #...         24%         1    None
 Slow                     Hex            #.......     34%         2    None
 Irradiate                Conj/Tmut      ####......   41%         5    #####..
 Inner Flame              Hex/Fire       #.......     52%         3    #......
 Portal Projectile        Hex/Tloc       #.....       52%         3    #......
 Static Discharge         Conj/Air       #.......     52%         3    #......
 Stone Arrow              Conj/Erth      #.....       52%         3    #......
 Dragon Form              Tmut           ######....   65%         7    #######
 Airstrike                Air            #.........   86%         4    ###....
 Cause Fear               Hex            #.........   86%         4    ###....
 Leda's Liquefaction      Hex/Erth       #.........   86%         4    ###....
 Statue Form              Tmut/Erth      ####.....    89%         6    ######.
 Lee's Rapid Deconstruct  Erth           #.........   99%         5    #####..
 Lightning Bolt           Conj/Air       #.........   99%         5    #####..
 Silence                  Hex/Air        #.........   99%         5    #####..
 Deflect Missiles         Chrm/Air       ###.......   99%         6    ######.
 Ignition                 Fire           #.........   100%        8    #######
 Shatter                  Erth           #.........   100%        9    #######
 Tornado                  Air            #.........   100%        9    #######


Dungeon Overview and Level Annotations

Branches:
Dungeon (12/15)            Temple (1/1) D:5            Lair (6/6) D:8
  Swamp (0/4) Lair:4       Spider (0/4) Lair:3        Slime (0/5) Lair:5
    Orc (2/2) D:9             Elf (1/3) Orc:2

Altars:
Ashenzari
Cheibriados
Dithmenos
Elyvilon
Fedhas
Gozag
Hepliaklqana
Kikubaaqudgha
Makhleb
Nemelex Xobeh
Okawaru
Qazlal
Ru
Sif Muna
Trog
Uskayaw
Vehumet
Wu Jian
Xom
Yredelemnul
Zin
The Shining One
Beogh

Shops:
D:4 :   Orc:1 [:   Orc:2 *[%:

Portals:
Pandemonium: Orc:2

Annotations:
D:7 Joseph
Lair:4 Nessos, Sonja
Lair:5 1 runed translucent door, Zimaveycw's ghost, journeyman OpFi
Lair:6 exclusion: 3 oklob plants


Innate Abilities, Weirdness & Mutations

((You can breathe blasts of scalding, opaque steam.))
((Your pale cyan-grey scales are hard. (AC +9)))
You cannot fit into any form of body armour.
((You are cold-blooded and may be slowed by cold attacks.))


Message History

Your +2 cloak of magic resistance melds into your body.
Your +0 hat of see invisible melds into your body.
The +2 pair of gloves of the Present {rElec rF+ Stlth+} melds into your body.
You feel less resistant to hostile enchantments.
You feel less perceptive.
The slime creature completely misses you. x2
The slime creature hits you!
* * * LOW HITPOINT WARNING * * *
A hound comes into view.
Two slime creatures merge to form a large slime creature.
There is an open door here.
Your skin stops crawling.
The hound barks!
Two slime creatures merge to form a very large slime creature.
A very large slime creature splits.
As you read the scroll of teleportation, it crumbles to dust.
You feel strangely unstable.
Your transformation is almost over.
The slime creature hits you!!
You die...

#..........#.... #.##.##..###..#
# ####.##'##..###).###..#
..^...#..(....)).......
......#....(..)).......
......#.....#######....
......#..(..##...# ...
.....h'......#...#########+######
.##..##.....##..........+..))).'.
#####...h.##..........#..)...#.
.......J..J.Js......##..######
#...([.........##+#####..##..##
..........##...##....##......##
..###.###+###'###............##
## #+##..##...................
.........................
.........##..####.###'###
##..##...##..####.###.### ###
##+###..............
......<..........).
.................)<


You could see 3 slime creatures and a hound.

Vanquished Creatures
  A frost giant (IceCv)
  Fannar (Lair:1)
  An ice dragon (Orc:1)
  10 hydras
  2 two-headed ogres
  Erolcha (Orc:1)
  A centaur warrior (Volcano)
  Urug (Orc:2)
  6 orc high priests (Orc:2)
  2 soul eaters (Orc:2)
  A hell knight (Volcano)
  An unseen horror (D:10)
  A torturous demonspawn (Orc:2)
  4 orc knights (Orc:2)
  7 orc sorcerers
  An orb spider (Lair:3)
  2 cyclopes
  An oklob plant (Lair:6)
  2 manticores
  9 elephants
  An ugly thing (D:12)
  3 black mambas (Lair:6)
  Maurice (D:10)
  A torpor snail (Lair:6)
  An ice statue (IceCv)
  5 spiny frogs
  Psyche (D:10)
  A gargoyle (D:10)
  A rime drake (Lair:6)
  5 komodo dragons
  A hellwing (Orc:2)
  26 polar bears
  A red devil (Orc:2)
  A hornet (D:8)
  6 trolls
  12 blink frogs
  A raiju (Lair:6)
  11 hippogriffs
  2 slime creatures (D:12)
  7 dream sheep (Lair:5)
  3 wyverns
  8 spriggans (D:10)
  A wraith (D:10)
  A basilisk (Lair:3)
  A shadow (D:11)
  60 yaks
  A neqoxec (Orc:2)
  4 hungry ghosts
  Menkaure (D:7)
  6 wargs
  An acid dragon (D:11)
  16 hell hounds (Lair:6)
  12 water moccasins
  30 orc warriors
  4 porcupines
  2 ice beasts
  2 sky beasts (D:10)
  A necrophage (D:10)
  13 black bears
  An eye of draining (D:10)
  3 phantoms
  11 centaurs
  8 ogres
  34 wolves
  14 crocodiles
  2 big kobolds
  18 bullfrogs
  2 gnoll sergeants
  A wyvern skeleton (D:6)
  5 scorpions
  2 troll zombies (D:9)
  10 killer bees (D:10)
  13 wights
  2 howler monkeys (D:5)
  A bullfrog zombie (D:5)
  3 crimson imps
  2 quasits
  3 jellies
  22 orc priests
  A bullfrog skeleton (D:5)
  3 hounds
  2 centaur skeletons
  18 orc wizards
  An iguana (D:6)
  Natasha (twice) (D:4)
  9 hell rats (Lair:3)
  9 worker ants
  A killer bee zombie (D:7)
  4 ogre zombies (D:9)
  A hound zombie (D:9)
  A howler monkey zombie (D:8)
  9 gnolls
  A howler monkey skeleton (D:9)
  10 river rats (Lair:3)
  13 adders
  5 shadow imps
  4 adder skeletons
  An adder zombie (D:5)
  2 worms
  A dart slug (D:4)
  8 leopard geckos
  85 orcs
  7 giant cockroaches
  3 goblins
  5 hobgoblins
  12 jackals
  16 kobolds
  10 quokkas
  9 bats
  4 frilled lizards
  A goblin skeleton (D:9)
  3 goblin zombies (D:9)
  2 hobgoblin skeletons (D:9)
  4 hobgoblin zombies (D:9)
  A leopard gecko skeleton (D:5)
  A leopard gecko zombie (D:5)
  3 orc skeletons (D:9)
  6 orc zombies (D:9)
  24 rats
  A plant (Lair:6)
770 creatures vanquished.

Vanquished Creatures (collateral kills)
  2 yaks (IceCv)
  An ogre (D:7)
  2 wolves (IceCv)
  A necrophage (D:6)
  Crazy Yiuf (D:6)
  Natasha (D:4)
  2 adders (D:3)
  An orc (Orc:1)
11 creatures vanquished.

Vanquished Creatures (others)
  8 fungi
  16 plants
24 creatures vanquished.

Grand Total: 805 creatures vanquished

Notes
Turn   | Place    | Note
-------+----------+-------------------------------------------
     0 | D:1      | Garrluk the Draconian Transmuter began the quest for the
                  | Orb.
     0 | D:1      | Reached XP level 1. HP: 16/16 MP: 3/3
   535 | D:2      | Reached XP level 2. HP: 22/23 MP: 3/5
   620 | D:2      | Learned a level 2 spell: Sticks to Snakes
   967 | D:2      | Reached XP level 3. HP: 26/28 MP: 4/6
  1285 | D:3      | Learned a level 3 spell: Spider Form
  1455 | D:3      | Reached XP level 4. HP: 18/36 MP: 7/7
  2039 | D:3      | Found a shimmering altar of Xom.
  2167 | D:4      | Noticed an ogre
  2391 | D:4      | Reached XP level 5. HP: 27/41 MP: 8/8
  2393 | D:4      | Noticed Natasha
  2405 | D:4      | HP: 1/41 [Natasha (8)]
  2691 | D:4      | Killed Natasha
  2706 | D:4      | Found Siseum's Book Shoppe.
  3065 | D:4      | Killed an ogre
  3065 | D:4      | Reached XP level 6. HP: 50/50 MP: 5/10
  3095 | D:4      | Noticed Natasha
  3102 | D:4      | Killed Natasha
  3227 | D:4      | Found an ancient bone altar of Kikubaaqudgha.
  3227 | D:4      | Found a white marble altar of Elyvilon.
  3311 | D:4      | Noticed Natasha
  3322 | D:4      | Killed Natasha
  3443 | D:5      | Entered Level 5 of the Dungeon
  3611 | D:5      | Found a staircase to the Ecumenical Temple.
  3671 | D:5      | Reached skill level 5 in Unarmed Combat
  3671 | D:5      | Your scales start taking on a pale cyan-grey colour.
  3671 | D:5      | Reached XP level 7. HP: 47/57 MP: 11/11
  3717 | Temple   | Entered the Ecumenical Temple
  3771 | Temple   | Became a worshipper of Warmaster Okawaru
  4670 | D:6      | Reached skill level 5 in Transmutations
  4685 | D:6      | Reached * piety under Okawaru
  4949 | D:6      | Reached XP level 8. HP: 42/66 MP: 13/13
  5387 | D:6      | Found a runed translucent door.
  5388 | D:6      | Noticed Crazy Yiuf
  5546 | D:6      | Killed Crazy Yiuf
  5988 | D:7      | Noticed Menkaure
  6007 | D:7      | Killed Menkaure
  6074 | D:7      | Reached ** piety under Okawaru
  6566 | D:6      | Reached XP level 9. HP: 46/73 MP: 15/15
  6581 | D:6      | Learned a level 5 spell: Blade Hands
  6718 | D:7      | Reached skill level 5 in Fighting
  6837 | D:7      | Noticed Joseph
  6933 | D:8      | Found a shattered altar of Ashenzari.
  6955 | D:8      | Got a pair of ichor-stained gloves
  6966 | D:8      | Identified the +2 pair of gloves of the Present {rElec rF+
                  | Stlth+} (You found it on level 8 of the Dungeon)
  7144 | D:8      | Paralysed by a hornet for 1 turns
  7152 | D:8      | Paralysed by a hornet for 1 turns
  7158 | D:8      | Paralysed by a hornet for 3 turns
  7170 | D:8      | Reached *** piety under Okawaru
  7484 | D:8      | Found a sparkling altar of Nemelex Xobeh.
  7515 | D:8      | Found a staircase to the Lair.
  8269 | D:9      | Found a snail-covered altar of Cheibriados.
  8392 | D:8      | Reached skill level 5 in Spellcasting
  8752 | D:9      | Reached skill level 5 in Dodging
  8775 | D:9      | Found a staircase to the Orcish Mines.
  9032 | D:9      | Reached XP level 10. HP: 79/83 MP: 18/18
  9277 | D:9      | Reached **** piety under Okawaru
 10137 | Orc:1    | Entered Level 1 of the Orcish Mines
 10445 | Orc:1    | Found a frozen archway.
 10445 | Orc:1    | Noticed an ice dragon
 10469 | Orc:1    | Killed an ice dragon
 10469 | Orc:1    | Reached ***** piety under Okawaru
 10478 | Orc:1    | Reached XP level 11. HP: 24/92 MP: 20/20
 10492 | IceCv    | Entered an ice cave
 10788 | IceCv    | Reached skill level 10 in Unarmed Combat
 10832 | IceCv    | Received a gift from Okawaru
 11389 | IceCv    | Reached skill level 1 in Invocations
 11428 | IceCv    | Reached skill level 10 in Transmutations
 11682 | IceCv    | Noticed a frost giant
 11721 | IceCv    | Killed a frost giant
 12359 | Orc:1    | Found Mieky's Armour Emporium.
 12376 | Orc:1    | Found Terum's Book Shoppe.
 12396 | Orc:1    | Noticed a two-headed ogre
 12429 | Orc:1    | Killed a two-headed ogre
 12429 | Orc:1    | Received a gift from Okawaru
 12429 | Orc:1    | Reached XP level 12. HP: 64/102 MP: 20/22
 12430 | Orc:1    | Got a faintly glowing arbalest {god gift}
 12590 | Orc:1    | Noticed Erolcha
 12747 | D:4      | Bought the Volume of Assistive Feathers for 780 gold pieces
 12751 | D:4      | Learned a level 3 spell: Regeneration
 12832 | Lair:1   | Entered Level 1 of the Lair of Beasts
 12962 | Lair:1   | Identified the +1 arbalest of the Common Good {freeze, rF+
                  | Str+2} (Okawaru gifted it to you on level 1 of the Orcish
                  | Mines)
 13065 | Lair:1   | Reached skill level 1 in Charms
 13084 | Lair:1   | Reached ****** piety under Okawaru
 13159 | Lair:1   | Noticed Fannar
 13168 | Lair:1   | Killed Fannar
 13541 | Lair:2   | Noticed a seven-headed hydra
 13862 | Lair:2   | Received a gift from Okawaru
 14157 | Lair:2   | Killed a seven-headed hydra
 14601 | Lair:3   | Noticed a four-headed hydra
 14620 | Lair:3   | Killed a four-headed hydra
 14862 | Lair:3   | Found a hole to the Spider Nest.
 14971 | Lair:3   | Reached XP level 13. HP: 111/111 MP: 24/24
 15553 | Lair:4   | Found a dark tunnel.
 15558 | Volcano  | Entered a volcano
 15591 | Volcano  | Found a bloodstained altar of Trog.
 15608 | Volcano  | Reached skill level 5 in Invocations
 15995 | Lair:4   | Noticed Sonja
 15995 | Lair:4   | Noticed Nessos
 16052 | Lair:5   | Received a gift from Okawaru
 16403 | Lair:5   | Found a staircase to the Slime Pits.
 16658 | Lair:5   | Found a runed translucent door.
 16660 | Lair:5   | Found a shimmering altar of Xom.
 16660 | Lair:5   | Noticed Zimaveycw's ghost (journeyman OpFi)
 16974 | Lair:6   | Entered Level 6 of the Lair of Beasts
 16979 | Lair:6   | Reached skill level 5 in Charms
 17280 | Lair:6   | Received a gift from Okawaru
 17845 | Lair:6   | Received a gift from Okawaru
 17944 | Lair:6   | Reached XP level 14. HP: 112/119 MP: 26/26
 19265 | Lair:4   | Reached skill level 10 in Fighting
 19438 | Orc:1    | Found a roughly hewn altar of Beogh.
 19608 | Orc:2    | Entered Level 2 of the Orcish Mines
 19608 | Orc:2    | Noticed Urug
 19668 | Orc:2    | Killed Urug
 19714 | Orc:1    | Killed Erolcha
 19722 | Orc:1    | Bought a book of Transfigurations for 990 gold pieces
 19729 | Orc:1    | Learned a level 6 spell: Hydra Form
 19771 | Orc:2    | Found Zyhumiceseg's Food Emporium.
 19787 | Orc:2    | Found Barghy's General Store.
 20157 | Orc:2    | Found Jetarch's Book Shop.
 20157 | Orc:2    | Found Evvai's Antique Armour Boutique.
 20182 | Orc:2    | Received a gift from Okawaru
 20373 | Orc:2    | Found a staircase to the Elven Halls.
 20398 | Elf:1    | Entered Level 1 of the Elven Halls
 21081 | Orc:2    | Found a one-way gate leading to the halls of Pandemonium.
 21304 | D:10     | Entered Level 10 of the Dungeon
 21362 | D:10     | Noticed Maurice
 21382 | D:10     | Killed Maurice
 21627 | D:10     | Reached XP level 15. HP: 91/128 MP: 28/28
 21733 | D:10     | Received a gift from Okawaru
 21832 | D:10     | Noticed Psyche
 21840 | D:10     | Killed Psyche
 21897 | D:10     | Received a gift from Okawaru
 22494 | D:11     | You fall through a shaft!
 22693 | D:12     | HP: 3/128 [slime creature (10)]
 22706 | D:12     | Mangled by a slime creature

Skill      XL: |  1  2  3  4  5  6  7  8  9 10 11 12 13 14 15 |
---------------+----------------------------------------------+-----
Dodging        | 2 3 4 5 6 7 8 9 |  9.1
Fighting       | 2 3 4 6 7 8 9 10 | 10.6
Transmutations | 3 4 5 6 8 9 10 11 12 13 | 13.5
Unarmed Combat | 4 5 7 8 9 10 11 12 13 | 13.7
Spellcasting   | 3 4 5 6 7 8 9 |  9.3
Invocations    | 3 4 6 |  6.1
Charms         | 4 6 7 8 |  8.3

Action                   |  1- 3 |  4- 6 |  7- 9 | 10-12 | 13-15 || total
-------------------------+-------+-------+-------+-------+-------++-------
Melee: Unarmed           |   116 |   198 |   498 |   502 |  1109 ||  2423
       Headbutt          |    10 |    12 |    31 |    13 |     6 ||    72
       Tailslap          |     8 |    21 |    52 |    57 |   105 ||   243
       Kick              |     5 |    17 |    67 |    10 |     5 ||   104
       Punch             |       |     4 |    13 |    22 |    42 ||    81
 Cast: Beastly Appendage |    25 |    27 |    44 |    13 |    15 ||   124
       Sticks to Snakes  |     2 |    10 |    29 |    22 |     3 ||    66
       Blade Hands       |       |       |     1 |    50 |    91 ||   142
       Regeneration      |       |       |       |    18 |   102 ||   120
       Hydra Form        |       |       |       |       |    10 ||    10
       Spider Form       |       |       |       |       |     1 ||     1
Invok: Heroism           |       |       |     1 |     4 |    11 ||    16
       Finesse           |       |       |       |     1 |     2 ||     3
 Abil: Breathe Steam     |       |       |     7 |    23 |    30 ||    60
       End Transformatio |       |       |       |       |     4 ||     4
Evoke: Wand              |       |       |       |     4 |     2 ||     6
  Use: Scroll            |     4 |       |     5 |     3 |    23 ||    35
       Potion            |       |     1 |     4 |     7 |     6 ||    18
 Stab: Distracted        |       |       |     1 |     2 |     1 ||     4
       Sleeping          |       |       |     1 |     3 |     1 ||     5
  Eat: Chunk             |     2 |     5 |    14 |    30 |    43 ||    94
       Ration            |       |     1 |     4 |     4 |     2 ||    11
Armor: Skin              |    30 |    58 |   153 |   153 |   232 ||   626
Dodge: Dodged            |    91 |   134 |   322 |   354 |  1119 ||  2020
Block: Shield            |       |       |       |     1 |       ||     1
